 Dungeon Crawl Stone Soup version 0.24-a0-586-g8e0e932a4c (webtiles) character file.

Game seed: 2947152706058266260, levelgen mode: deterministic

243 Mithandil the Conjurer (level 6, -5/35 HPs)
             Began as a Tengu Conjurer on Sept 8, 2019.
             Slain by a gnoll
             ... wielding a +0 halberd
              (11 damage)
             ... on level 3 of the Dungeon.
             The game lasted 00:16:27 (2880 turns).

Mithandil the Conjurer (Tengu Conjurer)             Turns: 2880, Time: 00:16:28

Health: -5/35      AC:  4    Str: 10      XL:     6   Next: 9%
Magic:  0/12       EV: 15    Int: 15 (16) God:
Gold:   68         SH:  0    Dex: 13 (14) Spells: 8/11 levels left

rFire    . . .     SeeInvis .   a - +2 quarterstaff (chaos)
rCold    . . .     Gourm    .   (shield currently unavailable)
rNeg     . . .     Faith    .   l - +0 leather armour
rPois    .         Spirit   +   (helmet restricted)
rElec    .         Reflect  .   p - +0 cloak
rCorr    .         Harm     .   (no gloves)
MR       .....                  (boots unavailable)
Stlth    ++........             r - amulet of guardian spirit
HPRegen  0.11/turn              (no ring)
MPRegen  0.13/turn              (no ring)

@: flying quickly and evasively, quick
A: beak, talons 3, able to fly
a: Stop Flying


You were on level 3 of the Dungeon.
You were not hungry.

You visited 1 branch of the dungeon, and saw 5 of its levels.

You collected 68 gold pieces.

Inventory:

Hand Weapons
 a - a +2 quarterstaff of chaos (weapon)
 b - a +1 short sword of draining
 q - a +0 spear
Missiles
 d - 131 stones
 g - 35 poisoned darts (quivered)
 h - 21 sling bullets
Armour
 l - a +0 leather armour (worn)
 p - a +0 cloak (worn)
Jewellery
 r - an amulet of guardian spirit (around neck)
Scrolls
 m - a scroll of noise {unknown}
 o - 2 scrolls of identify
Potions
 e - 2 potions of heal wounds
 f - a potion of haste
 i - 2 potions of might {unknown}
 k - 7 potions of curing
 n - a potion of agility
Comestibles
 c - 3 rations
 j - 7 chunks of flesh


   Skills:
 + Level 1.8 Fighting
 + Level 1.0 Staves
 + Level 3.3 Dodging
 + Level 2.9 Stealth
 * Level 3.3 Spellcasting
 * Level 6.6 Conjurations


You had 8 spell levels left.
You knew the following spells:

 Your Spells              Type           Power        Failure   Level  Hunger
a - Magic Dart            Conj           ###.         1%          1    None
b - Searing Ray           Conj           ###...       2%          2    ##.....

Your spell library contained the following spells:

 Spells                   Type           Power        Failure   Level  Hunger
 Iskenderun's Mystic Bla  Conj           ###.....     17%         4    ####...
 Dazzling Spray           Conj/Hex       ##....       21%         3    ###....
 Force Lance              Conj/Tloc      ##......     56%         4    ####...
 Fulminant Prism          Conj/Hex       ##........   56%         4    ####...


Dungeon Overview and Level Annotations

Branches:
Dungeon (5/15)
 Temple: D:4-7

Altars:
Hepliaklqana
Qazlal
The Shining One


Innate Abilities, Weirdness & Mutations

You have a beak for a mouth.
You have claws for feet.
You can fly continuously.


Message History

The gnoll is heavily wounded.
The gnoll completely misses you. The gnoll closely misses you.
You hit the gnoll.
The gnoll seems to speed up.
You claw the gnoll.
You kill the gnoll!
You feel your strength returning. The gnoll barely misses you.
The gnoll hits you with a +0 spear!
The gnoll hits you from afar with a +0 halberd.
* * * LOW HITPOINT WARNING * * *
You hit the gnoll. You peck the gnoll, but do no damage.
The gnoll is lightly wounded.
The gnoll hits you with a +0 spear.
* * * LOW HITPOINT WARNING * * *
The gnoll barely misses you.
You thump the gnoll!
The gnoll appears confused.
Strange energies run through your body.
You claw the gnoll.
You kill the gnoll!
Your Staves skill increases to level 1!
The gnoll hits you from afar with a +0 halberd!
You die...

..#*,* ******** *,*
#.##,* *,* #..#+##
*,* ##....# *,*
#....# *,* #....#
####***,* #....#
#g.,,,,,* ##..###
#)#****** #).>.)#
#@### #.##### #)).#
#.# ###.#
##'########## #.#
#...........# #.#
#...........# #.#
#...........# #.#
#........)..######.#
#...........'......#


You could see a gnoll.

Vanquished Creatures
  Crazy Yiuf (D:2)
  Natasha (thrice) (D:2)
  A hound skeleton (D:4)
  3 gnolls (D:3)
  3 adders
  An ooze (D:1)
  3 worms
  2 dart slugs (D:2)
  4 leopard geckos
  An orc (D:4)
  10 bats
  3 giant cockroaches
  3 goblins
  3 hobgoblins
  2 jackals (D:4)
  4 kobolds
  3 quokkas
  A ball python (D:3)
  2 frilled lizards
  3 rats (D:2)
56 creatures vanquished.

Notes
Turn   | Place    | Note
-------+----------+-------------------------------------------
     0 | D:1      | Mithandil the Tengu Conjurer began the quest for the Orb.
     0 | D:1      | Reached XP level 1. HP: 10/10 MP: 4/4
   241 | D:1      | Reached XP level 2. HP: 15/15 MP: 4/6
   245 | D:1      | Learned a level 2 spell: Searing Ray
   503 | D:2      | Reached XP level 3. HP: 20/20 MP: 4/7
   575 | D:5      | Entered Level 5 of the Dungeon
  1302 | D:2      | Reached skill level 1 in Fighting
  1473 | D:2      | Found a hazy altar of Hepliaklqana.
  1560 | D:2      | Noticed Natasha
  1565 | D:2      | Killed Natasha
  1565 | D:2      | Reached skill level 6 in Conjurations
  1565 | D:2      | Reached XP level 4. HP: 14/25 MP: 1/9
  1806 | D:2      | Found a runed translucent door.
  1807 | D:2      | Noticed Crazy Yiuf
  1816 | D:2      | Killed Crazy Yiuf
  1842 | D:2      | Noticed Natasha
  1849 | D:2      | Killed Natasha
  1849 | D:2      | Gained mutation: You can fly continuously. [Tengu growth]
  1849 | D:2      | Reached XP level 5. HP: 18/29 MP: 1/10
  1970 | D:2      | Noticed Natasha
  1977 | D:2      | Killed Natasha
  2641 | D:3      | Found a glowing golden altar of the Shining One.
  2641 | D:3      | Found a stormy altar of Qazlal.
  2659 | D:4      | Noticed an ogre
  2874 | D:3      | Reached XP level 6. HP: 33/35 MP: 3/11
  2880 | D:3      | Reached skill level 1 in Staves
  2880 | D:3      | Slain by a gnoll

Levels and vault maps discovered:
D:1:      minmay_arrival_glassed_features, layout_basic
D:2:      layout_loops_corners, lemuel_crystal_altar, uniq_crazy_yiuf_cottage,
          uniq_natasha
D:3:      layout_basic, gammafunk_temple_overflow_statue, first_ration
D:4:      minmay_angry_zag, layout_layer_cave,
          yredelemnul_forgotten_temple_becter, minmay_checkerbox
D:5:      layout_basic, minmay_temple_entry_gardened_gates,
          minmay_chambers_of_fives, uniq_blork_the_orc

Skill      XL: |  1  2  3  4  5  6 |
---------------+-------------------+-----
Fighting       | 1 |  1.8
Conjurations   | 6 |  6.6
Dodging        | 3 |  3.3
Spellcasting   | 3 |  3.3
Staves         | 1 |  1.0
Stealth        | |  2.9

Action                   |  1- 3 |  4- 6 || total
-------------------------+-------+-------++-------
Melee: Club              |     3 |       ||     3
       Kick              |     6 |     7 ||    13
       Short sword       |    12 |     4 ||    16
       Peck              |     1 |     2 ||     3
       Quarterstaff      |       |    32 ||    32
 Cast: Magic Dart        |    47 |    23 ||    70
       Searing Ray       |     3 |     5 ||     8
 Abil: Fly               |       |     1 ||     1
  Use: Potion            |     4 |     1 ||     5
       Scroll            |       |     4 ||     4
 Stab: Sleeping          |     2 |     2 ||     4
  Eat: Chunk             |     2 |     5 ||     7
Armor: Robe              |     3 |       ||     3
       Leather armour    |       |    15 ||    15
Dodge: Dodged            |    12 |    42 ||    54

Table legend:
 A = Non-vault XP
 B = Vault XP
 C = Vault XP percentage of total XP
 D = Non-vault monster count
 E = Vault monster count
 F = Vault count percentage of total count
                 A         B        C        D         E       F
            +---------+---------+-------+---------+---------+-------
      Total |     272 |      76 |  21.8 |      54 |       2 |   3.6
            +---------+---------+-------+---------+---------+-------
        D:1 |      24 |       0 |   0.0 |      10 |       0 |   0.0
        D:2 |     140 |      76 |  35.2 |      22 |       2 |   8.3
        D:3 |      78 |       0 |   0.0 |      17 |       0 |   0.0
        D:4 |      30 |       0 |   0.0 |       5 |       0 |   0.0
            +---------+---------+-------+---------+---------+-------
